 Dungeon Crawl Stone Soup version 0.28.0-43-g3370ac3207 (webtiles) character file.

Game seed: 10260826947983865103

105 demenzo the Sneak (level 4, -1/30 HPs)
             Began as an Octopode Brigand on Mar 14, 2022.
             Was an Initiate of Ru.
             Splashed by a jelly's acid (9 damage)
             ... on level 3 of the Dungeon.
             The game lasted 00:03:24 (3262 turns).

demenzo the Sneak (Octopode Brigand)                Turns: 3262, Time: 00:03:25

Health: -1/30      AC: -3    Str: 10    XL:     4   Next: 83%
Magic:  4/4        EV: 13    Int: 15    God:    Ru [......]
Gold:   56         SH:  0    Dex: 13    Spells: 3/3 levels left

rFire   . . .      SeeInvis .   a - +2 dagger
rCold   . . .      Faith    .   (no shield)
rNeg    . . .      Spirit   .   (helmet restricted)
rPois   .          Reflect  .   n - amulet of magic regeneration
rElec   .          Harm     .   (no ring)
rCorr   .          Rampage  .   (no ring)
Will    .....                   (no ring)
Stlth   ++++......              (no ring)
HPRegen 0.10/turn               (no ring)
MPRegen 0.49/turn               (no ring)
                                (no ring)
                                (no ring)

@: corroded
A: almost no armour, amphibious, 8 rings, camouflage 1, gelatinous body 1,
(nimble swimmer 1), tentacles
a: Renounce Religion


You were on level 3 of the Dungeon.
You worshipped Ru.
Ru was noncommittal.
You visited 1 branch of the dungeon, and saw 3 of its levels.

You collected 56 gold pieces.

Inventory:

Hand Weapons
 a - a +2 dagger (weapon)
Missiles
 b - 8 poisoned darts (quivered)
 c - 13 curare-tipped darts
 m - 19 arrows
 q - 17 sling bullets
Magical Staves
 g - a staff of fire
Jewellery
 n - an amulet of magic regeneration (around mantle)
Scrolls
 e - a scroll of fear {unknown}
 f - a scroll of identify {unknown}
 h - a scroll of torment {unknown}
 i - a scroll of amnesia {unknown}
 l - a scroll of vulnerability {unknown}
 o - 2 scrolls of teleportation {unknown}
 p - a scroll of blinking {unknown}
 r - a scroll of enchant weapon {unknown}
Potions
 d - a potion of might {unknown}
 j - a potion of ambrosia {unknown}
 k - a potion of heal wounds {unknown}
 s - a potion of curing {unknown}
 t - 2 potions of mutation {unknown}


   Skills:
 + Level 2.6 Fighting
 * Level 3.4 Short Blades
 - Level 2.0 Throwing
 + Level 2.1 Dodging
 + Level 6.0 Stealth


You had 3 spell levels left.
You didn't know any spells.
Your spell library contained the following spells:

 Spells                   Type           Power      Damage    Failure   Level
 Slow                     Hex            0%         N/A       26%         1
 Confusing Touch          Hex            0%         N/A       63%         3
 Vampiric Draining        Necr           0%         2d6       63%         3
 Blade Hands              Tmut           0%         N/A       100%        5
 Iron Shot                Conj/Erth      0%         9d1       100%        6
 Animate Armour           Summ/Erth      Unusable   N/A       N/A         4

Dungeon Overview and Level Annotations

Branches:
Dungeon (3/15)

Altars:
Ru


Innate Abilities, Weirdness & Mutations

You cannot wear most types of armour.
You are amphibious.
You can wear up to eight rings at the same time.
Your skin changes colour to match your surroundings (Stealth+).
Your rubbery body absorbs attacks. (AC +1, EV +1)
((You are camouflaged when in or above water. (Stealth+)))
You have tentacles for arms and can constrict up to eight enemies at once.


Message History

The kobold shouts!
You hear a distant slurping noise.
The door mysteriously vanishes.
A jelly comes into view.
There are monsters nearby!
There are monsters nearby!
The jelly quivers.
You hit the kobold. You grab the kobold.
The kobold is moderately wounded.
You constrict the kobold, but do no damage.
There are monsters nearby!
You hit the kobold.
You kill the kobold!
A jelly is nearby!
The jelly hits you but does no damage.
You see here a +0 club.
You hit the jelly.
Your tentacles burn!
The jelly is lightly wounded.
The jelly barely misses you.
You hit the jelly.
Your tentacles burn!
The jelly is moderately wounded.
The jelly hits you. The acid corrodes you!
You are splashed with acid.
You are too injured to fight recklessly!
You are too injured to fight recklessly!
You are too injured to fight recklessly!
You are too injured to fight recklessly!
You are too injured to fight recklessly!
You are too injured to fight recklessly!
You hit the jelly.
Your tentacles burn!
The jelly is moderately wounded.
You hit the jelly but do no damage.
Your tentacles burn!
You squeeze the jelly, but do no damage.
The jelly is moderately wounded.
The jelly barely misses you.
You hit the jelly.
Your tentacles burn!
* * * LOW HITPOINT WARNING * * *
The jelly is heavily wounded.
The jelly hits you.
* * * LOW HITPOINT WARNING * * *
You are splashed with acid!
You die...

.. #.# ..# ### #.#
#######.##
#.####....#.#.#
#..##.....#.#.#
#..').....#'#@# #...
#..').......#J#
#....
#..'....[...#.#
#....
#))##.......#.#
#....
#).###......##.
#.... ##.##########
# #.... #..#######
#..#
##^......########
##...
#######........#####
#....


You could see a jelly.

Vanquished Creatures
  2 adders
  An adder skeleton (D:2)
  2 adder zombies (D:2)
  3 dart slugs (D:1)
  2 worms (D:2)
  7 bats
  2 bat zombies (D:2)
  3 endoplasms
  2 giant cockroaches (D:1)
  3 goblins
  4 hobgoblins
  3 jackals (D:2)
  3 quokkas
  2 ball pythons
  4 ball python skeletons (D:2)
  A ball python zombie (D:2)
  2 frilled lizards
  11 kobolds
  A quokka skeleton (D:2)
  5 rats
63 creatures vanquished.

Vanquished Creatures (others)
  6 fungi (D:3)
  A plant (D:3)
  9 toadstools (D:3)
  3 withered plants (D:2)
19 creatures vanquished.

Grand Total: 82 creatures vanquished

Notes
Turn   | Place    | Note
-------+----------+-------------------------------------------
     0 | D:1      | demenzo the Octopode Brigand began the quest for the Orb.
     0 | D:1      | Reached XP level 1. HP: 14/14 MP: 1/1
   495 | D:1      | Reached XP level 2. HP: 19/19 MP: 2/2
  1053 | D:1      | Found a faded altar of an unknown god.
  1102 | D:1      | Reached XP level 3. HP: 24/24 MP: 3/3
  2045 | D:2      | Reached XP level 4. HP: 23/30 MP: 4/4
  2792 | D:2      | Found the +4 robe of Augmentation {Str+4 Int+4 Dex+4}
  3000 | D:3      | Reached skill level 6 in Stealth
  3002 | D:3      | Found a sacrificial altar of Ru.
  3019 | D:3      | Became a worshipper of Ru the Awakened
  3262 | D:3      | Splashed by a jelly's acid

Illustrated notes

Levels and vault maps discovered:
D:1:      dpeg_arrival_tiny_j, layout_basic, shapermc_ecumenical_altar_ellora
D:2:      layout_loops_ring, serial_undead, serial_undead_b, serial_undead_d,
          serial_undead_d, serial_undead_b, serial_undead_a, serial_undead_f,
          serial_undead_d, serial_undead_f, minmay_liquid_box
D:3:      cheibrodos_fertilizer, layout_basic, mainiacjoe_overflow_chevrons,
          lemuel_blue_sif_altar, serial_bayou_pond_d, minmay_divided_ellipse

Skill      XL: |  1  2  3  4 |
---------------+-------------+-----
Short Blades   | 3 |  3.4
Dodging        | 2 |  2.1
Stealth        | 6 |  6.0
Fighting       | |  2.6
Throwing       | |  2.0

Action                   |  1- 3 |  4- 6 || total
-------------------------+-------+-------++-------
Melee: Dagger            |    65 |    63 ||   128
       Constrict         |    11 |    20 ||    31
       Tentacles         |     8 |    12 ||    20
       Punch             |     1 |     2 ||     3
 Stab: Sleeping          |    19 |     6 ||    25
Armor: Skin              |     1 |     4 ||     5
Dodge: Dodged            |    26 |    44 ||    70
